AoeStats
← Nero Cláudio

Arabia

507389032Analyzed
2v2 RM · 15d ago on Sep 18, 2026· 25m 19s· 4 players
Game mode
Random Map
Map size
Medium (4 player)
Population
200
Speed
Normal
Resources
Standard
Victory
Conquest
Starting age
Dark Age
Ending age
Imperial Age
RankedLock teamsTeams togetherTeam positionsShared explorationLock speedFull tech treeHidden civsTurbo modeCheats
Victory
Defeat
🇺🇸 Magyars · United States
830
+16
🇺🇸 Lithuanians · United States
796
+17
🇧🇷 Romans · Brazil
1000
-81
🇧🇷 Khmer · Brazil
649
-10
SketchyGlue9293
7:42 Loom
12:22 Feudal Age
13:37 Horse Collar
13:44 Double-Bit Axe
18:42 Castle Age
18:06 Bloodlines
19:49 Husbandry
19:54 Gold Mining
20:59 Heavy Plow
24:40 Bow Saw
26:13 Wheelbarrow
SulfuricHeart63
11:02 Feudal Age
9:17 Loom
15:06 Castle Age
17:32 Scale Barding Armor
20:47 Gold Mining
25:27 Corvinian Army
25:15 Horse Collar
kentane
10:42 Loom
12:27 Feudal Age
10:50 Loom
14:21 Double-Bit Axe
17:30 Horse Collar
Nero Cláudio
12:33 Feudal Age
12:58 Double-Bit Axe
21:29 Scale Barding Armor
21:35 Forging
21:25 Horse Collar
Connection lost

Rejoining the realm…

Still unreachable

The connection could not be restored.

Session expired

The server has moved on; the page needs a fresh start.